 Dungeon Crawl Stone Soup version 0.30.1-4-g462c640d31 (webtiles) character file.

Game seed: 11447022481300033749

53883 Wiggles the Severer (level 14, -10/198 HPs)
             Began as a Minotaur Berserker on Sept 1, 2023.
             Was a High Priest of Trog.
             Mangled by a death yak (23 damage)
             ... on level 4 of the Lair of Beasts.
             The game lasted 00:30:49 (16191 turns).

Wiggles the Severer (Minotaur Berserker)           Turns: 16191, Time: 00:30:50

Health: -10/198    AC: 13    Str: 26    XL:     14   Next: 32%
Magic:  13/13      EV:  9    Int:  1    God:    Trog [*****.]
Gold:   965        SH: 22    Dex: 17    Spells: 13/13 levels left

rFire   . . .        S - +2 war axe (heavy)
rCold   + . .        m - +2 tower shield
rNeg    . . .        G - +6 plate armour
rPois   +            N - +2 hat
rElec   .            a - +0 cloak
rCorr   .            (no gloves)
SInv    .            (no boots)
Will    +....        t - amulet of Xom's Castigation {RegenMP rC+ Int-3 Slay+2 Stlth+} Stlth
                     E - +6 ring of dexterity
HPRegen 0.53/turn    w - ring of poison resistance
MPRegen 0.53/turn

%: no passive effects
@: berserking, corroded, very quick
A: horns 2, retaliatory headbutt
a: Renounce Religion, Berserk, Trog's Hand, Brothers in Arms


You were on level 4 of the Lair of Beasts.
You worshipped Trog.
Trog was extremely pleased with you.
You visited 2 branches of the dungeon, and saw 16 of its levels.

You collected 1160 gold pieces.
You spent 195 gold pieces at shops.

Inventory:

Hand Weapons
 b - a +0 battleaxe
 L - a +5 war axe of electrocution
 O - a +2 broad axe
 S - a +2 heavy war axe (weapon)
Missiles
 q - a throwing net (quivered)
Armour
 a - a +0 cloak (worn)
 m - a +2 tower shield (worn)
 G - a +6 plate armour (worn)
 N - a +2 hat (worn)
Jewellery
 e - an amulet of reflection
 r - a ring of protection from fire
 s - a ring of positive energy
 t - the amulet of Xom's Castigation (around neck) {RegenMP rC+ Int-3 Slay+2 Stlth+}
   (You found it on level 7 of the Dungeon)

   [amulet of magic regeneration]

   It increases your rate of magic regeneration.
   Int:       It affects your intelligence (-3).
   Slay:      It affects your accuracy & damage with ranged weapons and melee
   (+2).
   rC:        It protects you from cold.
   Stlth:     It makes you more stealthy.
 w - a ring of poison resistance (right hand)
 B - a ring of willpower
 E - a +6 ring of dexterity (left hand)
Wands
 o - a wand of paralysis (27)
 v - a wand of digging (19)
 A - a wand of flame (34)
 C - a wand of roots (24)
 F - a wand of mindburst (12)
Scrolls
 d - 5 scrolls of teleportation
 l - 2 scrolls of immolation
 y - a scroll of blinking
 D - 2 scrolls of vulnerability
 I - 2 scrolls of fog
 K - 4 scrolls of poison
 P - 2 scrolls of identify
Potions
 c - 2 potions of ambrosia
 f - 5 potions of flight
 g - 6 potions of curing
 h - a potion of cancellation
 i - 7 potions of haste
 j - 6 potions of might
 n - 3 potions of mutation
 p - 2 potions of lignification
 u - 7 potions of attraction
 x - 4 potions of heal wounds
 z - 6 potions of berserk rage
 H - 2 potions of invisibility
 J - a potion of experience
 M - 3 potions of magic
Miscellaneous
 k - a lightning rod (4/4)
 R - a piece from Xom's chessboard (15/15)
 T - a box of beasts


   Skills:
 + Level 14.0 Fighting
 + Level 17.3 Axes
 + Level 12.4 Armour
 + Level 6.4 Dodging
 + Level 1.6 Stealth
 + Level 15.5 Shields
 + Level 1.0 Evocations


You had 13 spell levels left.
You didn't know any spells.
Your spell library was empty.

Dungeon Overview and Level Annotations

Branches:
Dungeon (12/15)            Temple (0/1) D:5            Lair (4/5) D:8
  Swamp (0/4) Lair:2       Spider (0/4) Lair:2        Slime (0/5) Lair:4
    Orc (0/2) D:9

Altars:
Ashenzari
Cheibriados
Elyvilon
Fedhas
Gozag
Hepliaklqana
Nemelex Xobeh
Okawaru
Sif Muna
Trog
The Shining One
Jiyva

Shops:
D:2 [   D:8 (   D:9 *   D:10 (   D:12 *

Annotations:
D:12 2 transporters
Lair:4 Juirae's ghost, journeyman TrMo


Innate Abilities, Weirdness & Mutations

You have a pair of horns on your head.
You reflexively headbutt those who attack you in melee.


Message History

You chop the death yak into pieces!!!
The death yak is heavily wounded.
You slice the death yak!! You completely miss the death yak.
You block the death yak's attack. The death yak gores you!!
* * * LOW HITPOINT WARNING * * *
The death yak gores you.
* * * LOW HITPOINT WARNING * * *
You slash the death yak!
You headbutt the death yak, but do no damage.
The death yak is severely wounded.
You hit the death yak but do no damage. You slash the death yak!
You chop the death yak into pieces!!!
You kill the death yak!
Trog accepts your kill.
You slash the death yak! You slice the death yak!!
The death yak gores you but does no damage.
The death yak gores you!
* * * LOW HITPOINT WARNING * * *
Your Fighting skill increases to level 14!
You barely miss the death yak. You slash the death yak! x2
You block the death yak's attack. x2; The death yak gores you!
* * * LOW HITPOINT WARNING * * *
You slice the death yak!! Your headbutt misses the death yak.
The death yak is moderately wounded.
You hit the death yak. You slash the death yak!
You kill the death yak!
Trog accepts your kill. You block the death yak's attack. x2
You barely miss the death yak.
The death yak is moderately wounded.
You hit the death yak.
You kill the death yak!
Trog accepts your kill.
You slash the death yak!
The death yak is heavily wounded.
You block the death yak's attack.
You hit the death yak but do no damage.
The death yak is heavily wounded.
The death yak gores you!!
You die...

...........
.##.#.......#...8..8.<.8
............+...........
#..........# ..........
..........####.##..8..
.# .# #.........# .
.##.# #...[.....#.
..#.#.##.. #...Y.......
....#.... ###...@.....#
....# #.##..#...........
....# #...# #...........
.>..##.F!..##..........#
....#WD#H#$H#.........#.
......
.#..#########........##
......
###.................####
........ #
#...####.P##...[.#.#.#
#....... #####
####..........###.......


You could see a minotaur and a death yak.

Vanquished Creatures
  Jorgrun (D:12)
  Gastronok (D:11)
  Erolcha (D:11)
  Fannar (D:10)
  4 hydras (Lair:2)
  A boulder beetle (D:12)
  5 two-headed ogres
  9 death yaks (Lair:4)
  Urug (Lair:2)
  The ghost of ShellytheWitch the Slicer, a novice KoBr of Dithmenos (D:7)
  2 oklob plants
  2 deep elf pyromancers
  A black mamba (Lair:3)
  A manticore (D:12)
  Maurice (D:11)
  9 cane toads
  A gargoyle (D:12)
  2 unseen horrors
  6 komodo dragons
  Psyche (D:12)
  A hornet (D:9)
  A polar bear (Lair:4)
  4 trolls
  Prince Ribbit (D:7)
  17 blink frogs
  Sigmund (D:6)
  11 dream sheep (Lair:3)
  A shadow (D:11)
  A wraith (D:11)
  A vampire (D:9)
  A wyvern (Lair:4)
  4 basilisks
  80 yaks
  Grum (D:10)
  4 steam dragons
  9 vampire mosquitoes
  Menkaure (D:7)
  4 swamp worms (Lair:2)
  Duvessa (D:7)
  14 water moccasins
  An acid dragon (D:12)
  An ice beast (D:8)
  7 orc warriors
  A black bear (D:5)
  3 sky beasts
  14 wolves
  3 centaurs
  4 ogres
  2 phantoms
  A gnoll sergeant (D:8)
  2 kobold brigands (D:5)
  9 bullfrogs
  3 scorpions
  10 wights
  Dowan (D:7)
  8 killer bees (D:9)
  A howler monkey (D:5)
  6 electric eels (D:8)
  3 hounds
  2 jellies
  6 orc priests
  A sleepcap (D:8)
  Natasha (thrice) (D:3)
  8 orc wizards
  4 adders
  10 gnolls
  2 worms
  3 dart slugs
  39 orcs
  8 ball pythons
  3 bats
  9 endoplasms
  3 giant cockroaches
  10 goblins
  14 hobgoblins
  4 jackals
  8 quokkas
  5 frilled lizards
  14 kobolds
  9 rats
454 creatures vanquished.

Vanquished Creatures (collateral kills)
  The ghost of wingedge the Destroyer, a journeyman DgCj (Lair:2)
  A hydra (Lair:2)
2 creatures vanquished.

Grand Total: 456 creatures vanquished

Notes
Turn   | Place    | Note
-------+----------+-------------------------------------------
     0 | D:1      | Wiggles the Minotaur Berserker began the quest for the Orb.
     0 | D:1      | Reached XP level 1. HP: 19/19 MP: 0/0
   148 | D:1      | Reached XP level 2. HP: 27/27 MP: 1/1
   252 | D:1      | Reached skill level 4 in Axes
   603 | D:1      | Reached ** piety under Trog
   814 | D:1      | Reached XP level 3. HP: 33/33 MP: 2/2
  1222 | D:2      | Found Ydis Soj's Antique Armour Shoppe.
  1390 | D:3      | Reached XP level 4. HP: 41/41 MP: 3/3
  1667 | D:3      | Reached skill level 5 in Axes
  1764 | D:3      | Reached skill level 1 in Shields
  1785 | D:3      | Noticed Natasha
  1790 | D:3      | Killed Natasha
  1791 | D:3      | Reached XP level 5. HP: 47/47 MP: 4/4
  1904 | D:3      | Noticed Natasha
  1914 | D:3      | Killed Natasha
  1963 | D:3      | Noticed Natasha
  1978 | D:3      | HP: 2/47 [cerulean imp/+0 spear[Natasha] (5)]
  1979 | D:3      | Killed Natasha
  2360 | D:4      | Found a broken altar of Ashenzari.
  2455 | D:4      | Found a hazy altar of Hepliaklqana.
  2602 | D:4      | Reached *** piety under Trog
  2622 | D:4      | Noticed a phantom
  2631 | D:4      | Killed a phantom
  2632 | D:4      | Reached skill level 5 in Fighting
  2632 | D:4      | Reached skill level 1 in Stealth
  2632 | D:4      | Reached XP level 6. HP: 56/56 MP: 5/5
  3028 | D:4      | Noticed a sky beast
  3028 | D:4      | Noticed a steam dragon
  3039 | D:4      | Killed a sky beast
  3040 | D:4      | Reached skill level 6 in Axes
  3043 | D:4      | Killed a steam dragon
  3044 | D:4      | Reached XP level 7. HP: 58/61 MP: 6/6
  3367 | D:5      | Entered Level 5 of the Dungeon
  3393 | D:5      | Reached skill level 5 in Armour
  3537 | D:5      | Found a glowing golden altar of the Shining One.
  3573 | D:5      | Reached skill level 7 in Axes
  3594 | D:5      | Identified the +1 chain mail "Ymiarru" {rC+ Will- rCorr
                  | Int+2}
  3788 | D:5      | Found a snail-covered altar of Cheibriados.
  3879 | D:5      | Noticed a yak
  3879 | D:5      | Noticed a yak
  3880 | D:5      | Noticed a yak
  3880 | D:5      | Noticed a yak
  3881 | D:5      | Noticed a yak
  3881 | D:5      | Noticed a yak
  3888 | D:5      | Killed a yak
  3888 | D:5      | Killed a yak
  3889 | D:5      | Reached XP level 8. HP: 59/70 MP: 7/7
  3890 | D:5      | Reached skill level 8 in Axes
  3894 | D:5      | Reached skill level 5 in Shields
  3896 | D:5      | Reached skill level 9 in Axes
  4094 | D:5      | Found a staircase to the Ecumenical Temple.
  4324 | D:6      | Reached XP level 9. HP: 74/79 MP: 8/8
  4639 | D:6      | Noticed Sigmund
  4651 | D:6      | Killed Sigmund
  4880 | D:6      | Reached **** piety under Trog
  4892 | D:6      | Found a blossoming altar of Fedhas.
  4947 | D:6      | Reached skill level 10 in Axes
  5046 | D:6      | Found a bloodstained altar of Trog.
  5385 | D:7      | Noticed Duvessa
  5387 | D:7      | Noticed Dowan
  5388 | D:7      | Noticed Menkaure
  5394 | D:7      | Killed Duvessa
  5397 | D:7      | Killed Menkaure
  5399 | D:7      | Killed Dowan
  5567 | D:7      | Found a runed translucent door.
  5572 | D:7      | Noticed ShellytheWitch's ghost (novice KoBr)
  5582 | D:7      | Killed ShellytheWitch's ghost
  5583 | D:7      | Reached skill level 11 in Axes
  5583 | D:7      | Reached XP level 10. HP: 90/90 MP: 9/9
  5692 | D:7      | Noticed Prince Ribbit
  5699 | D:7      | Killed Prince Ribbit
  5858 | D:7      | Identified the amulet of Xom's Castigation {RegenMP rC+
                  | Int-3 Slay+2 Stlth+}
  6205 | D:8      | Reached skill level 12 in Axes
  6435 | D:8      | Found a staircase to the Lair.
  6610 | D:8      | Noticed a two-headed ogre
  6621 | D:8      | Killed a two-headed ogre
  6676 | D:8      | Found a shimmering blue altar of Sif Muna.
  7134 | D:8      | Found Kasiy's Antique Weapon Shoppe.
  7144 | D:8      | Bought a runed war axe for 195 gold pieces
  7219 | D:8      | Found a white marble altar of Elyvilon.
  7628 | D:9      | Reached XP level 11. HP: 70/97 MP: 10/10
  7632 | D:9      | Reached skill level 13 in Axes
  7957 | D:9      | Found a sparkling altar of Nemelex Xobeh.
  7985 | D:9      | Noticed a two-headed ogre
  7989 | D:9      | Killed a two-headed ogre
  7990 | D:9      | Reached skill level 1 in Evocations
  8125 | D:9      | Found a staircase to the Orcish Mines.
  8207 | D:9      | Noticed a two-headed ogre
  8213 | D:9      | Reached skill level 10 in Fighting
  8218 | D:9      | Reached ***** piety under Trog
  8224 | D:9      | Killed a two-headed ogre
  8773 | D:9      | Found an opulent altar of Gozag.
  8780 | D:9      | Found Gozag's Platinum Reserve.
  8905 | D:10     | Entered Level 10 of the Dungeon
  8905 | D:10     | Noticed a two-headed ogre
  8909 | D:10     | Noticed a two-headed ogre
  8913 | D:10     | Killed a two-headed ogre
  8914 | D:10     | Reached skill level 10 in Shields
  8920 | D:10     | Killed a two-headed ogre
  8921 | D:10     | Reached skill level 14 in Axes
  9183 | D:10     | Noticed Fannar
  9196 | D:10     | Killed Fannar
  9238 | D:10     | Found Uxilue's Weapon Shoppe.
  9242 | D:10     | Noticed Grum
  9255 | D:10     | Killed Grum
  9478 | D:10     | Found an iron altar of Okawaru.
  9541 | D:10     | Noticed a deep elf pyromancer
  9548 | D:10     | Killed a deep elf pyromancer
 10086 | D:11     | Noticed Gastronok
 10093 | D:11     | Killed Gastronok
 10094 | D:11     | Reached skill level 10 in Armour
 10094 | D:11     | Reached XP level 12. HP: 108/108 MP: 11/11
 10126 | D:11     | Found an iron altar of Okawaru.
 10214 | D:11     | Received a gift from Trog
 10219 | D:11     | Reached skill level 15 in Axes
 10505 | D:11     | Identified the +1 chain mail of the Hall of Blades {Rampage
                  | rElec}
 10522 | D:11     | Noticed Maurice
 10523 | D:11     | Paralysed by Maurice for 2 turns
 10537 | D:11     | Killed Maurice
 10597 | D:11     | Noticed Erolcha
 10608 | D:11     | Killed Erolcha
 10959 | D:11     | Identified the staff of air "Ganuxoc" {rElec rC+ Str+6}
 11197 | D:12     | Noticed a boulder beetle
 11205 | D:12     | Killed a boulder beetle
 11215 | D:12     | Noticed a deep troll earth mage
 11216 | D:12     | Found a transporter.
 11217 | D:12     | Found the ring of the Octopus King
 11506 | D:12     | Found the +7 Kryia's mail coat {PotionHeal*2 rC+}
 11548 | D:12     | Found Efrulu's General Store.
 11685 | D:12     | Found a transporter.
 11751 | D:12     | Reached skill level 5 in Dodging
 11919 | D:12     | Noticed Psyche
 11951 | D:12     | Killed Psyche
 11952 | D:12     | Reached skill level 16 in Axes
 12049 | D:12     | Noticed Jorgrun
 12067 | D:12     | Killed Jorgrun
 12491 | Lair:1   | Entered Level 1 of the Lair of Beasts
 12619 | Lair:1   | Reached XP level 13. HP: 101/118 MP: 12/12
 13095 | Lair:1   | Found a broken altar of Ashenzari.
 13431 | Lair:2   | Found a hole to the Spider Nest.
 13703 | Lair:2   | Found a staircase to the Swamp.
 13847 | Lair:2   | Noticed Urug
 13857 | Lair:2   | Killed Urug
 14310 | Lair:2   | Found a runed translucent gate.
 14310 | Lair:2   | Found a runed translucent gate.
 14310 | Lair:2   | Found a runed translucent gate.
 14312 | Lair:2   | Noticed wingedge's ghost (journeyman DgCj)
 14761 | Lair:2   | Killed wingedge's ghost
 14762 | Lair:2   | Reached skill level 17 in Axes
 15117 | Lair:3   | Received a gift from Trog
 15455 | Lair:3   | Reached XP level 14. HP: 123/130 MP: 13/13
 15542 | Lair:3   | Found a dark tunnel.
 15748 | Lair:4   | Found a viscous altar of Jiyva.
 15748 | Lair:4   | Found a staircase to the Slime Pits.
 15797 | Lair:4   | Reached skill level 15 in Shields
 16138 | Lair:4   | Noticed Juirae's ghost (journeyman TrMo)
 16191 | Lair:4   | Mangled by a death yak

Illustrated notes

Levels and vault maps discovered:
D:1:      mrwooster_arrival_arrow, layout_loops_ring, minmay_misc_feat_cross,
          minmay_misc_feat_x, chequers_avenue, skrybe_limestone_x
D:2:      layout_rooms, serial_shops, shop
D:3:      layout_basic, uniq_natasha
D:4:      layout_loops_ring, worldfamousw_hep_ancestral_shrine,
          nicolae_ashenzari_skybound, minivault_27, minmay_divided_ellipse
D:5:      cheibrodos_thug_alley, layout_rooms, overflow_temple_1_default,
          chei_slow_surprise, minmay_temple_entry_slanted
D:6:      layout_basic, overflow_temple_1_default, kennysheep_mini,
          minmay_misc_feat_nine_boxes, uniq_sigmund
D:7:      layout_basic, ebering_ghost_reflecting_pool, uniq_duvessa,
          uniq_menkaure, uniq_prince_ribbit1
D:8:      cheibrodos_two_vegetables, layout_loops_cross, led_sif_book,
          mainiacjoe_overflow_catwalk, dpeg_oklobed_lair, serial_shops, shop
D:9:      layout_irregular_city, nicolae_gozag_zags_fifth_avenue,
          nicolae_overflow_crystal_walls, david_orc_2, minivault_16,
          kennysheep_generic_room_14
D:10:     layout_layer_cave, mainiacjoe_overflow_24_doors, serial_shops,
          nicolae_shop_crystal, uniq_fannar, uniq_grum
D:11:     layout_irregular_city, minmay_misc_feat_diagonals,
          okawaru_altar_gauntlet_db, uniq_maurice, uniq_gastronok, uniq_erolcha
D:12:     gammafunk_sealed_arena, layout_irregular_city, serial_shops, shop,
          uniq_psyche, uniq_jorgrun
Lair:1:   layout_gridlike, lemuel_oklob_altar, lemuel_fruit_fields
Lair:2:   layout_hall_layers, palyth_hydra_swamp_entry, spider_nest_entry_webs,
          gammafunk_ghost_hydra_chop, cheibrodos_lair_caveside_slide, uniq_urug
Lair:3:   layout_roguey, nicolae_volcano_entry_hallway, serial_bayou_shore_a
Lair:4:   layout_gridlike, slime_entry_1, maelrawn_ghost_gauntlet_escape,
          grunt_megastairs_3

Skill      XL: |  1  2  3  4  5  6  7  8  9 10 11 12 13 14 |
---------------+-------------------------------------------+-----
Fighting       | 4 5 6 7 8 9 10 12 13 14 | 14.0
Axes           | 4 5 6 7 9 11 12 14 16 17 | 17.3
Armour         | 3 4 5 6 7 8 10 11 12 | 12.4
Shields        | 1 2 4 5 7 9 11 12 14 15 | 15.5
Dodging        | 3 4 5 6 |  6.4
Stealth        | 1 |  1.6
Evocations     | 1 |  1.0

Action                     |  1- 3 |  4- 6 |  7- 9 | 10-12 | 13-15 || total
---------------------------+-------+-------+-------+-------+-------++-------
  Melee: Hand axe          |    96 |   129 |    23 |       |       ||   248
         Headbutt          |    14 |    22 |    34 |    75 |    77 ||   222
         Punch             |     3 |       |       |       |       ||     3
         War axe           |       |       |   137 |   394 |   289 ||   820
 Invoke: Berserk           |     1 |     2 |     6 |     9 |     5 ||    23
         Brothers in Arms  |       |       |       |       |     1 ||     1
  Evoke: Wand              |       |       |       |    11 |       ||    11
    Use: Scroll            |       |       |    14 |    20 |     3 ||    37
 Armour: Animal skin       |     8 |       |       |       |       ||     8
         Leather armour    |     4 |     1 |       |       |       ||     5
         Ring mail         |       |    16 |       |       |       ||    16
         Scale mail        |       |     9 |     4 |       |       ||    13
         Chain mail        |       |       |    40 |    33 |       ||    73
         Plate armour      |       |       |       |   100 |   131 ||   231
         Skin              |       |       |       |    15 |       ||    15
  Dodge: Dodged            |    60 |    36 |    39 |    86 |    74 ||   295
  Block: Tower shield      |    12 |    63 |   103 |   380 |   290 ||   848
